 Dungeon Crawl Stone Soup version 0.19.0-2-gae57169 (webtiles) character file.

7583 dobroeutro the Cleaver (level 10, 0/93 HPs)
             Began as a Minotaur Fighter on Nov 5, 2016.
             Was a High Priest of Okawaru.
             Slain by dobroeutro's ghost (2 damage)
             ... on level 10 of the Dungeon.
             The game lasted 00:16:41 (9610 turns).

dobroeutro the Cleaver (Minotaur Fighter)           Turns: 9610, Time: 00:16:42

Health: 0/93       AC: 13    Str: 24    XL:     10   Next: 97%
Magic:  9/9        EV: 13    Int:  5    God:    Okawaru [*****.]
Gold:   903        SH:  8    Dex: 10    Spells: 0 memorised, 9 levels left

rFire  . . .     SeeInvis .     y - +5 bardiche of Crusades {chop, rN+ MR++}
rCold  . . .     Gourm    .     b - +0 scale mail
rNeg   + . .     Faith    .     (shield currently unavailable)
rPois  .         Spirit   .     (helmet restricted)
rElec  .         Reflect  +     w - +0 cloak
rCorr  .         Harm     .     (no gloves)
MR     +++..                    (no boots)
Stlth  ..........               C - brooch of Shielding {Reflect SH+8}
                                M - ring of protection from magic
                                m - +4 ring of protection

@: no status effects
A: retaliatory headbutt, horns 2
a: Heroism, Finesse, Renounce Religion


You were on level 10 of the Dungeon.
You worshipped Okawaru.
Okawaru was extremely pleased with you.
You were not hungry.

You visited 2 branches of the dungeon, and saw 11 of its levels.
You also visited: Bailey.

You collected 903 gold pieces.

Inventory:

Hand Weapons
 h - the +3 hand axe of Integrity {holy, Str+6 Int+4}
   (You found it on level 7 of the Dungeon)

   It has been blessed by the Shining One to cause great damage to the undead
   and demons.
   It affects your strength (+6).
   It affects your intelligence (+4).
 n - a +1 battleaxe
 o - a +0 broad axe
 y - the +5 bardiche of Crusades (weapon) {chop, rN+ MR++}
   (You acquired it on level 8 of the Dungeon)

   It inflicts extra damage upon your enemies.
   It protects you from negative energy.
   It affects your resistance to hostile enchantments.
 L - a +5 battleaxe
Missiles
 a - 24 tomahawks of returning (quivered)
Armour
 b - a +0 scale mail (worn)
 c - a +0 shield
 w - a +0 cloak (worn)
Jewellery
 m - a +4 ring of protection (left hand)
 C - the brooch of Shielding (around neck) {Reflect SH+8}
   (You took it off a kobold in a bailey)

   [amulet of reflection]

   It shields you and reflects attacks.
   It affects your SH (+8).
 M - a ring of protection from magic (right hand)
Wands
 r - a wand of confusion (25/48)
 v - a wand of iceblast (15/15)
 J - a wand of disintegration (6/24)
Scrolls
 i - 2 scrolls of noise
 k - 6 scrolls of remove curse
 p - 3 scrolls of recharging
 u - 2 scrolls of enchant weapon
 x - a scroll of fog
 E - 2 scrolls of magic mapping
 I - 2 scrolls of immolation
Potions
 d - a potion of might
 e - 3 potions of agility
 j - a potion of resistance
 s - 2 potions of mutation
 t - 4 potions of lignification
 z - 3 potions of curing
 A - 2 potions of ambrosia
 B - a potion of haste
 D - a potion of berserk rage
 F - 3 potions of heal wounds
 G - 2 potions of brilliance
 O - a potion of cancellation {unknown}
Comestibles
 f - 10 bread rations
 g - 3 slices of pizza
 q - 2 fruits
 H - 2 meat rations
 K - 7 beef jerkies
 P - 11 royal jellies


   Skills:
 + Level 10.1 Fighting
 * Level 12.8 Axes
 + Level 9.3 Armour
 + Level 7.9 Dodging
 - Level 3.6 Shields


You had 9 spell levels left.
You didn't know any spells.

Dungeon Overview and Level Annotations

Branches:
Dungeon (10/15)            Temple (1/1) D:7            Lair (0/6) D:8
    Orc: D:9-12

Altars:
Ashenzari
Dithmenos
Elyvilon
Fedhas
Gozag
Hepliaklqana
Kikubaaqudgha
Makhleb
Nemelex Xobeh
Okawaru
Qazlal
Ru
Sif Muna
Uskayaw
Vehumet
Xom
Yredelemnul
Zin
The Shining One

Shops:
D:6 !??

Annotations:
D:10 dobroeutro's ghost, journeyman DsGl


Innate Abilities, Weirdness & Mutations

You reflexively headbutt those who attack you in melee.
You have a pair of horns on your head.


Message History

Dobroeutro's ghost hits you!
* * * LOW HITPOINT WARNING * * *
Attack whom?
Press: ? - help, Dir - move target cursor, f/p - dobroeutro's ghost
Aim: dobroeutro's ghost, wielding a weapon of pain (severely damaged)
You barely miss dobroeutro's ghost.
Dobroeutro's ghost is severely damaged.
Dobroeutro's ghost whispers, "Soon you will have time, lots of time..."
Dobroeutro's ghost closely misses you. You furiously retaliate!
You headbutt dobroeutro's ghost. Dobroeutro's ghost hits you!
* * * LOW HITPOINT WARNING * * *
There is an escape hatch in the floor here.
You see here a poisoned needle.
You see here 2 poisoned needles.
There is a stone staircase leading down here.
There is a stone staircase leading up here.
Dobroeutro's ghost hits you!
* * * LOW HITPOINT WARNING * * *
You writhe in agony.
You die...

...# ##.# .).#
.#(# .#(#########
.#((.(.>.(.#
.#########.## # #
##...######.#####
#.......W@.......
#......#.########
#......#.#
##.....#.#
####..#.# #..#.#
#..#.# ...#.#


You could see dobroeutro's ghost.

Vanquished Creatures
  Erica (D:9)
  A hill giant (D:10)
  Pikel (D:9)
  A queen bee (D:9)
  A two-headed ogre (D:8)
  Duvessa (D:7)
  2 ice beasts
  A necrophage (D:6)
  A sky beast (D:9)
  A slave (D:9)
  2 black bears
  9 orc warriors
  A phantom (D:4)
  2 centaurs
  7 ogres
  2 crocodiles
  A big kobold (D:10)
  4 bullfrogs
  Dowan (D:7)
  A water moccasin skeleton (D:9)
  3 scorpions
  19 killer bees (D:9)
  4 electric eels
  6 wights
  2 howler monkeys (D:9)
  2 crimson imps
  3 bullfrog zombies
  A jelly (D:9)
  Crazy Yiuf (D:5)
  2 hounds
  3 orc priests
  8 orc wizards
  2 bullfrog skeletons (D:5)
  An iguana (D:6)
  Natasha (thrice) (D:2)
  4 worker ants
  7 gnolls
  A worker ant zombie (D:9)
  10 adders
  2 river rats (D:8)
  2 shadow imps
  2 oozes
  An adder skeleton (D:8)
  2 worms (D:2)
  15 dart slugs
  3 leopard geckos
  40 orcs
  7 giant cockroaches
  9 goblins
  5 hobgoblins
  22 jackals
  7 quokkas
  18 bats
  8 frilled lizards
  A giant cockroach zombie (D:6)
  A jackal skeleton (D:8)
  29 kobolds
  A leopard gecko skeleton (D:5)
  A quokka skeleton (D:4)
  13 rats
312 creatures vanquished.

Vanquished Creatures (others)
  A slave (D:9)
  A centaur (D:7)
  A centaur skeleton (D:9)
  3 gnolls (D:9)
  A dart slug (D:7)
  3 orcs (D:9)
10 creatures vanquished.

Grand Total: 322 creatures vanquished

Notes
Turn   | Place    | Note
-------+----------+-------------------------------------------
     0 | D:1      | dobroeutro the Minotaur Fighter began the quest for the Orb.
     0 | D:1      | Reached XP level 1. HP: 19/19 MP: 0/0
   116 | D:1      | Reached skill level 3 in Axes
   154 | D:1      | Reached XP level 2. HP: 27/27 MP: 1/1
   574 | D:1      | Reached XP level 3. HP: 30/33 MP: 2/2
   767 | D:2      | Reached skill level 4 in Axes
   773 | D:2      | Noticed Natasha
   783 | D:2      | Killed Natasha
   783 | D:2      | Reached XP level 4. HP: 27/41 MP: 3/3
   796 | D:2      | Noticed Natasha
   802 | D:2      | Killed Natasha
   802 | D:2      | Noticed Natasha
   808 | D:2      | Killed Natasha
   808 | D:2      | Reached skill level 5 in Axes
  1000 | D:2      | Reached skill level 5 in Fighting
  1000 | D:2      | Reached XP level 5. HP: 43/48 MP: 4/4
  1395 | D:3      | Found a hazy altar of Hepliaklqana.
  1457 | D:3      | Reached skill level 6 in Axes
  1694 | D:4      | Noticed a phantom
  1708 | D:4      | Killed a phantom
  1708 | D:4      | Reached skill level 1 in Dodging
  1708 | D:4      | Reached XP level 6. HP: 53/56 MP: 5/5
  1966 | D:4      | Reached skill level 7 in Axes
  1966 | D:4      | Reached XP level 7. HP: 18/62 MP: 6/6
  2256 | D:5      | Entered Level 5 of the Dungeon
  2769 | D:5      | Found a runed door.
  2773 | D:5      | Noticed Crazy Yiuf
  2777 | D:5      | Killed Crazy Yiuf
  2813 | D:5      | Reached skill level 5 in Armour
  3083 | D:6      | Found Hixo Vam's Magic Scroll Emporium.
  3089 | D:6      | Reached skill level 8 in Axes
  3089 | D:6      | Reached XP level 8. HP: 71/71 MP: 7/7
  3150 | D:6      | Found Hala's Magic Scroll Shop.
  3221 | D:6      | Found Qoid's Distillery.
  3816 | D:7      | Found a flagged portal.
  3839 | D:7      | Found a staircase to the Ecumenical Temple.
  3849 | Temple   | Entered the Ecumenical Temple
  3880 | Temple   | Became a worshipper of Warmaster Okawaru
  3926 | D:7      | Got a smoking hand axe
  3929 | Bailey   | Entered a bailey
  3930 | Bailey   | Identified the +3 hand axe of Integrity {holy, Str+6 Int+4} (You found it on level 7 of the Dungeon)
  3962 | Bailey   | Reached skill level 9 in Axes
  3982 | Bailey   | Reached * piety under Okawaru
  4237 | Bailey   | Reached XP level 9. HP: 81/81 MP: 8/8
  4502 | D:7      | Noticed Dowan
  4503 | D:7      | Noticed Duvessa
  4535 | D:7      | Killed Duvessa
  4539 | D:7      | Killed Dowan
  4539 | D:7      | Reached skill level 5 in Dodging
  5303 | D:7      | Reached skill level 10 in Axes
  5959 | D:7      | Found a shattered altar of Ashenzari.
  6257 | D:8      | Identified a scroll of acquirement
  6260 | D:8      | Got a polished bardiche
  6266 | D:8      | Identified the +5 bardiche of Crusades {chop, rN+ MR++} (You acquired it on level 8 of the Dungeon)
  6538 | D:8      | Reached ** piety under Okawaru
  6881 | D:8      | Reached skill level 11 in Axes
  7178 | D:8      | Found a staircase to the Lair.
  7724 | D:9      | Reached XP level 10. HP: 91/91 MP: 9/9
  7739 | D:9      | Found a sparkling altar of Nemelex Xobeh.
  7828 | D:9      | Reached *** piety under Okawaru
  7854 | D:9      | Noticed Pikel
  7862 | D:9      | Killed Pikel
  8018 | D:9      | Noticed Erica
  8026 | D:9      | Killed Erica
  8026 | D:9      | Reached **** piety under Okawaru
  8026 | D:9      | Reached skill level 12 in Axes
  9054 | D:9      | Reached skill level 10 in Fighting
  9323 | D:10     | Entered Level 10 of the Dungeon
  9343 | D:10     | Noticed a hill giant
  9350 | D:10     | Killed a hill giant
  9350 | D:10     | Reached ***** piety under Okawaru
  9578 | D:10     | Noticed dobroeutro's ghost (journeyman DsGl)
  9610 | D:10     | HP: 2/93 [dobroeutro's ghost (14)]
  9610 | D:10     | Slain by dobroeutro's ghost

Skill      XL: |  1  2  3  4  5  6  7  8  9 10 |
---------------+-------------------------------+-----
Axes           | 3 4 5 6 7 8 9 11 12 | 12.8
Fighting       | 4 5 6 7 9 10 | 10.1
Dodging        | 1 2 3 4 6 7 |  7.9
Armour         | 4 5 6 8 9 |  9.3
Shields        | |  3.6

Action                   |  1- 3 |  4- 6 |  7- 9 | 10-12 || total
-------------------------+-------+-------+-------+-------++-------
Melee: War axe           |    89 |   127 |   164 |       ||   380
       Headbutt          |    10 |    25 |    85 |    20 ||   140
       Hand axe          |       |       |   152 |     9 ||   161
       Bardiche          |       |       |    79 |   126 ||   205
Throw: Tomahawk          |       |       |    16 |     2 ||    18
  Use: Scroll            |       |       |    13 |     8 ||    21
       Potion            |       |       |     3 |       ||     3
  Eat: Chunk             |       |     4 |    13 |     6 ||    23
       Fruit             |       |       |     2 |     1 ||     3
       Pizza             |       |       |     1 |       ||     1
       Beef jerky        |       |       |     1 |       ||     1
Armor: Scale mail        |    48 |    54 |   126 |    56 ||   284
Dodge: Dodged            |    36 |    52 |   164 |    90 ||   342
Block: Shield            |    49 |    75 |   198 |       ||   322
       Other             |       |       |    35 |    61 ||    96
       Reflection        |       |       |    14 |    10 ||    24
